 Dungeon Crawl Stone Soup version 0.27.0-1-g7a089689b8 (webtiles) character file.

Game seed: 9589825164481287070

68 sakkuzi the Chopper (level 4, 0/40 HPs)
             Began as a Minotaur Berserker on Aug 14, 2021.
             Was a Believer of Trog.
             Blown up by Ijyb (27 damage)
             ... with a mindburst bolt
             ... on level 3 of the Dungeon.
             The game lasted 00:03:37 (2166 turns).

sakkuzi the Chopper (Minotaur Berserker)            Turns: 2166, Time: 00:03:37

Health: 0/40       AC:  2    Str: 23    XL:     4   Next: 1%
Magic:  3/3        EV: 16    Int:  4    God:    Trog [**....]
Gold:   77         SH:  0    Dex:  9    Spells: 3/3 levels left

rFire    . . .     SeeInvis .   d - +2 hand axe (venom) {axe}
rCold    . . .     Faith    .   (no shield)
rNeg     + . .     Spirit   .   b - +0 animal skin
rPois    .         Reflect  .   (helmet restricted)
rElec    .         Harm     .   (no cloak)
rCorr    .         Rampage  .   (no gloves)
Will     .....                  (no boots)
Stlth    +.........             (no amulet)
HPRegen  0.13/turn              j - ring of positive energy
MPRegen  0.08/turn              o - +4 ring of evasion

@: no status effects
A: horns 2, retaliatory headbutt
a: Renounce Religion, Berserk, Trog's Hand


You were on level 3 of the Dungeon.
You worshipped Trog.
Trog was pleased with you.
You visited 1 branch of the dungeon, and saw 3 of its levels.

You collected 77 gold pieces.


Innate Abilities, Weirdness & Mutations

You have a pair of horns on your head.
You reflexively headbutt those who attack you in melee.


   Skills:
 + Level 4.2 Fighting
 * Level 4.9 Axes
 + Level 3.3 Armour
 - Level 2.1 Dodging


You had 3 spell levels left.
You didn't know any spells.
Your spell library was empty.

Inventory:

Hand Weapons
 a - a +0 hand axe {axe}
 d - a +2 hand axe of venom (weapon) {axe}
   (You found it on level 1 of the Dungeon)
Missiles
 c - 95 stones (quivered) {throwing}
 f - 28 arrows
 m - 16 poisoned darts {throwing}
Armour
 b - a +0 animal skin (worn)
Jewellery
 j - a ring of positive energy (left hand)
   (You found it on level 1 of the Dungeon)
 k - a ring of protection from fire
   (You found it on level 1 of the Dungeon)
 o - a +4 ring of evasion (right hand)
   (You found it on level 2 of the Dungeon)
Scrolls
 e - 2 scrolls of identify {unknown}
 g - a scroll of fog {unknown}
 h - 3 scrolls of amnesia {unknown}
 n - a scroll of summoning {unknown}
Potions
 i - 2 potions of haste {unknown}
 l - 2 potions of curing {unknown}

Dungeon Overview and Level Annotations

Branches:
Dungeon (3/15)

Altars:

Annotations:
D:3 Ijyb

### #<# #.#
#.# #.# #.#
#.# #@#
#.#########
#g...l.....
#.....g....
##.#.#.....
...>r....#
.##..#.##.#
.. ..#.# #
.. ..# #


You could see Ijyb and a quokka.


Message History

Things that are here:
a +0 dagger {short}; a goblin corpse
Found an escape hatch in the floor. 😎 HP[+3]
Your hp is fully restored (33).
There is an escape hatch in the floor here.
c - 95 stones {throwing} (gained 30)
A dart slug comes into view.
The dart slug closely misses you.
You slash the dart slug!
You kill the dart slug!
Trog accepts your kill.
You open the door.
There is an open door here.
The ogre shouts!
The hobgoblin shouts!
The frilled lizard hisses angrily.
There is an open door here.
You open the door.
Found a faded altar of an unknown god.
There is an open door here.
There is an open door here.
A hobgoblin comes into view. It is wielding a +0 club.
You hit the hobgoblin.
The hobgoblin is poisoned.
You kill the hobgoblin!
Trog accepts your kill.
You now have 77 gold pieces (gained 13).
Things that are here:
a +0 club {mace}; a hobgoblin corpse A worm comes into view.
The worm bites you. 😕 HP[-2]
You take 2 damage, and now have 31/33 hp.
You barely miss the worm. You headbutt the worm. You barely miss the worm.
You headbutt the worm! The worm bites you! 😮 HP[-11]
You take 11 damage, and now have 20/33 hp.
MASSIVE DAMAGE!! (PAUSE)
You hit the worm. You headbutt the worm.
You kill the worm!
Trog accepts your kill.
You see here a worm corpse.
You see here a worm corpse.
You open the door.
There is an open door here.
There is an open door here.
You see here a +0 tower shield.
A hobgoblin comes into view. 😎 HP[+13]
Your hp is fully restored (33).
The hobgoblin shouts!
You hit the hobgoblin.
The hobgoblin is poisoned.
The hobgoblin completely misses you. You furiously retaliate!
You headbutt the hobgoblin!
You kill the hobgoblin!
Trog accepts your kill.
You see here a hobgoblin corpse.
o - a +4 ring of evasion Done exploring.
You're wearing all the rings you can.
Remove which one? (? for menu, Esc to cancel) < or
j - a ring of positive energy; > or
k - a ring of protection from fire You remove your ring of protection from fire.
o - a +4 ring of evasion (right hand) Done exploring.
(D) Dungeon
Where to? (? - help)
You see here a +0 tower shield.
There is an open door here.
There is a stone staircase leading down here.
You climb downwards.
There is a stone staircase leading up here.
Found a stone staircase leading down.
An adder comes into view.
A frilled lizard and Ijyb come into view.
Ijyb is wielding a +0 club and carrying a wand of mindburst (12).
Ijyb shouts!
The adder hisses angrily.
You hit the adder. The adder barely misses you.
The frilled lizard hisses angrily.
You hit the adder.
The adder is poisoned.
You kill the adder!
Trog accepts your kill.
Ijyb zaps a wand.
Your mind is blasted!
A quokka comes into view.
You have reached level 4!
You feel stronger. 😮 HP[-6] MP[+1]
You now have 40 max hp (+7).
Your mp is fully restored (3). 😮 HP[+1]
The frilled lizard misses you. The frilled lizard bites you. 😮 HP[-1]
You take 1 damage, and now have 27/40 hp.
You closely miss the frilled lizard. You headbutt the frilled lizard.
You kill the frilled lizard!
Trog accepts your kill.
Ijyb zaps a wand.
Your mind is blasted!
Ouch! That really hurt!
You die...

Skill      XL: |  1  2 |
---------------+-------+-----
Axes           | 4 |  4.9
Fighting       | 4 |  4.2
Armour         | 3 |  3.3
Dodging        | |  2.1

Action                   |  1- 3 |  4- 6 || total
-------------------------+-------+-------++-------
Melee: Hand axe          |    62 |     1 ||    63
       Headbutt          |    11 |     1 ||    12
Armor: Animal skin       |     4 |       ||     4
Dodge: Dodged            |    40 |     1 ||    41

Levels and vault maps discovered:
D:1:      dpeg_arrival_circle_labyrinth_c, layout_rooms, minmay_tetromino_i4
D:2:      layout_basic, shapermc_ecumenical_altar_flowoftime,
          grunt_ministairs_9, hangedman_decor_lopped, lightli_corner_chamber
D:3:      layout_basic, uniq_ijyb

Notes
Turn   | Place    | Note
-------+----------+-------------------------------------------
     0 | D:1      | sakkuzi the Minotaur Berserker began the quest for the Orb.
     0 | D:1      | Reached XP level 1. HP: 19/19 MP: 0/0
     0 | D:1      | magus.rc [v1.9.6]
   371 | D:1      | Reached skill level 4 in Axes
   371 | D:1      | Reached XP level 2. HP: 20/27 MP: 1/1
   668 | D:1      | Reached skill level 4 in Fighting
   894 | D:1      | Reached skill level 3 in Armour
   969 | D:1      | Reached XP level 3. HP: 33/33 MP: 2/2
   991 | D:1      | Reached ** piety under Trog
  1716 | D:2      | Noticed an ogre
  1756 | D:2      | Found a faded altar of an unknown god.
  2154 | D:3      | Noticed Ijyb
  2158 | D:3      | Reached XP level 4. HP: 27/40 MP: 3/3
  2166 | D:3      | Blown up by Ijyb

Vanquished Creatures
  An adder (D:3)
  2 worms (D:2)
  2 dart slugs (D:2)
  3 endoplasms (D:1)
  2 giant cockroaches (D:1)
  3 goblins
  4 hobgoblins
  8 jackals (D:1)
  A quokka (D:1)
  4 ball pythons
  4 bats
  3 frilled lizards
  3 kobolds
  7 rats
47 creatures vanquished.

Table legend:
 A = Non-vault XP
 B = Vault XP
 C = Vault XP percentage of total XP
 D = Non-vault monster count
 E = Vault monster count
 F = Vault count percentage of total count
                 A         B        C        D         E       F
            +---------+---------+-------+---------+---------+-------
      Total |      84 |      15 |  15.2 |      41 |       6 |  12.8
            +---------+---------+-------+---------+---------+-------
        D:1 |      42 |       6 |  12.5 |      25 |       4 |  13.8
        D:2 |      27 |       9 |  25.0 |      14 |       2 |  12.5
        D:3 |      15 |       0 |   0.0 |       2 |       0 |   0.0
            +---------+---------+-------+---------+---------+-------

Illustrated notes

Table legend:
 A = Kills in this place as a percentage of kills in entire the game.
 B = Kills by you in this place as a percentage of kills by you in the entire game.
 C = Kills by friends in this place as a percentage of kills by friends in the entire game.
 D = Other kills in this place as a percentage of other kills in the entire game.
 E = Experience gained in this place as a percentage of experience gained in the entire game.
 F = Experience gained in this place divided by the number of levels of this place that you have seen.
                   A       B       C       D       E      F
               +-------+-------+-------+-------+-------+----------------------
         Total | 100.0 | 100.0 |   N/A |   N/A | 100.0 |  33.0
       Dungeon | 100.0 | 100.0 |   N/A |   N/A | 100.0 |  33.0
               +-------+-------+-------+-------+-------+----------------------

Table legend: (Time is in decaauts)
 A = Elapsed time spent in this place.
 B = Non-inter-level travel time spent in this place.
 C = Inter-level travel time spent in this place.
 D = Time resting spent in this place.
 E = Time spent auto-exploring this place.
 F = Levels seen in this place.
 G = Mean time per level.
                   A        B        C        D        E       F      G
               +--------+--------+--------+--------+--------+-----+--------+
         Total |   2168 |   2130 |     38 |      0 |   1792 |   3 |  722.7 |
       Dungeon |   2168 |   2130 |     38 |      0 |   1792 |   3 |  722.7 |
               +--------+--------+--------+--------+--------+-----+--------+

Top non-repeatable levels by time:
     D:2: 1122 daAuts
     D:1: 1025 daAuts
     D:3: 20 daAuts
